 Dungeon Crawl Stone Soup version 0.30-a0-424-g7412bad402 (console) character file.

Game seed: 2396303924732868599

11035 jejorda2 the Impaler (level 11, -18/81 HPs)
             Began as a Merfolk Berserker on Dec 9, 2022.
             Was a High Priest of Trog.
             Demolished by a death yak (20 damage)
             ... on level 9 of the Dungeon.
             The game lasted 00:37:04 (10951 turns).

jejorda2 the Impaler (Merfolk Berserker)           Turns: 10951, Time: 00:37:05

Health: -18/81     AC: 23    Str: 21    XL:     11   Next: 71%
Magic:  11/11      EV:  8    Int: 13    God:    Trog [*****.]
Gold:   69         SH:  0    Dex: 10    Spells: 10/10 levels left

rFire   . . .      SeeInvis .    a - +9 halberd {drain, +Blink rCorr Int+7 Dex-5}
rCold   + . .      Faith    .    (shield currently unavailable)
rNeg    . . .      Spirit   .    I - +4 plate armour
rPois   .          Reflect  .    z - +2 helmet
rElec   .          Harm     .    (no cloak)
rCorr   +          Rampage  .    n - +2 pair of gloves {hurl}
Will    +++..                    (no boots)
Stlth   ..........               (no amulet)
HPRegen 1.33/turn                l - ring of protection from cold
MPRegen 0.12/turn                x - ring of willpower

@: mighty, strong-willed (expiring), on berserk cooldown, regenerating
(expiring), slowed, very slow
A: (nimble swimmer 2), mertail
a: Renounce Religion, Evoke Blink, Berserk, Trog's Hand, Brothers in Arms


You were on level 9 of the Dungeon.
You worshipped Trog.
Trog was extremely pleased with you.
You visited 1 branch of the dungeon, and saw 10 of its levels.
You also visited: Ossuary and Bailey.

You collected 675 gold pieces.
You spent 606 gold pieces at shops.

Inventory:

Hand Weapons
 a - the +9 halberd of the Exiled Knives (weapon) {drain, +Blink rCorr Int+7 Dex-5}
   (You found it on level 8 of the Dungeon)

   A truly terrible weapon, it drains the life of any living foe it strikes.
   Int:       It affects your intelligence (+7).
   Dex:       It affects your dexterity (-5).
   +Blink:    It lets you blink.
   rCorr:     It protects you from acid and corrosion.
 b - a +3 trident
 s - a +2 vorpal bardiche
Missiles
 c - 45 stones (quivered)
 i - 8 boomerangs
 A - a throwing net
 D - 4 datura-tipped darts
 E - 22 poisoned darts
 G - 2 curare-tipped darts
 H - 24 javelins
 J - 2 silver boomerangs
Armour
 n - a +2 pair of gloves of hurling (worn)
 u - a +1 chain mail of poison resistance
 z - a +2 helmet (worn)
 I - a +4 plate armour (worn)
Jewellery
 l - a ring of protection from cold (left hand)
 x - a ring of willpower (right hand)
Wands
 o - a wand of iceblast (6)
 y - a wand of mindburst (12)
 B - a wand of paralysis (9)
Scrolls
 d - a scroll of poison
 g - 7 scrolls of enchant armour
 h - 7 scrolls of teleportation
 p - 2 scrolls of silence
 F - 2 scrolls of immolation
Potions
 e - 4 potions of heal wounds
 f - a potion of attraction {unknown}
 j - 6 potions of lignification
 k - 2 potions of flight
 m - 3 potions of invisibility
 q - a potion of haste {unknown}
 r - 6 potions of curing
 t - a potion of magic {unknown}
 v - a potion of mutation
 w - 3 potions of might
 C - a potion of cancellation


   Skills:
 - Level 6.0 Fighting
 + Level 17.1 Polearms
 - Level 6.0 Throwing
 - Level 6.0 Armour
 - Level 6.0 Dodging
 + Level 5.2 Evocations


You had 10 spell levels left.
You didn't know any spells.
Your spell library was empty.

Dungeon Overview and Level Annotations

Branches:
Dungeon (10/15)            Temple (0/1) D:4         Ossuary (visited)
 Bailey (visited)
   Lair: D:8-11         Orc: D:9-12

Altars:
Cheibriados
Dithmenos
Elyvilon
Fedhas
Makhleb
Okawaru
Qazlal
Ru
Sif Muna
Trog
Vehumet
Yredelemnul
The Shining One

Shops:
D:1 =   D:2 **(


Innate Abilities, Weirdness & Mutations

((You are very nimble when in or above water. (Stealth+, EV+, Speed+++)))
Your lower body shifts to a powerful aquatic tail in water.


Message History

Your Evocations skill increases to level 5!
Unknown command.
Okay, then.
Unknown command.
The death yak attacks as you move away! The death yak gores you.
The death yak gores you but does no damage.
The death yak attacks as you move away! The death yak gores you.
Your skin stops crawling.
You feel less strong-willed. The death yak closely misses you.
The death yak attacks as you move away!
The death yak gores you but does no damage.
The death yak seems less drained.
The death yak gores you.
The death yak gores you but does no damage.
There is a stone staircase leading up here.
The death yak seems less drained.
The death yak gores you but does no damage.
The death yak gores you!
The death yak gores you but does no damage. x3
You climb upwards.
There is a stone staircase leading down here.
Unknown command.
Your skin crawls.
You feel strong-willed.
The death yak gores you but does no damage. x2
You feel very mighty all of a sudden.
You feel the effects of Trog's Hand fading.
The death yak gores you but does no damage.
The death yak gores you!
The death yak gores you but does no damage. x2
You barely miss the death yak.
The death yak is lightly wounded.
The death yak gores you!
* * * LOW HITPOINT WARNING * * *
The death yak gores you but does no damage.
You impale the death yak!!
The death yak is moderately wounded.
The death yak gores you!!
* * * LOW HITPOINT WARNING * * *
The death yak gores you!!
You die...

..#...........................##
......##.................##....##
#...####.......#####....####....#
#.#####..#....## ##......# ##..##
..# ##...##...####....#..####.##
..###....###...#....####..#....##
..........###......## ##.....##.#
##........####.Y..## #...##.####
#.............Y@## ##..####...#
#................####...# ##..#
##.......................## #..#
#..##...........#.........# ##.#
#..###..........###.......## #.#
#..##...........###........####..
............#....#...............
...........###...#........##.....
............##.<..........######.


You could see 2 death yaks.

Vanquished Creatures
  A centaur warrior (D:9)
  A boulder beetle (D:9)
  3 death yaks (D:10)
  A tengu warrior (D:9)
  Maggie (D:8)
  2 hornets (D:8)
  2 wraiths
  3 wyverns (D:9)
  2 yaks (D:9)
  A water moccasin (D:7)
  2 black bears
  15 orc warriors
  An ice beast (D:8)
  3 ogres
  17 centaurs
  A phantom (D:6)
  5 kobold brigands
  2 bullfrogs (D:8)
  A necrophage (D:7)
  2 scorpions
  9 wights (D:8)
  3 killer bees
  An electric eel (D:9)
  A howler monkey (D:7)
  7 hounds
  8 orc priests
  2 iguanas
  12 orc wizards
  3 mummies (Ossuary)
  10 adders
  2 worms
  A dart slug (D:1)
  56 orcs
  7 ball pythons
  9 bats
  5 endoplasms
  5 giant cockroaches
  7 goblins
  7 hobgoblins
  4 jackals (D:1)
  3 quokkas
  A frilled lizard (D:1)
  A goblin zombie (Ossuary)
  5 hobgoblin zombies (Ossuary)
  25 kobolds
  3 kobold zombies (Ossuary)
  An orc zombie (Ossuary)
  6 rats
  A toadstool (D:1)
271 creatures vanquished.

Vanquished Creatures (others)
  20 toadstools (D:1)
20 creatures vanquished.

Grand Total: 291 creatures vanquished

Notes
Turn   | Place    | Note
-------+----------+-------------------------------------------
     0 | D:1      | jejorda2 the Merfolk Berserker began the quest for the Orb.
     0 | D:1      | Reached XP level 1. HP: 18/18 MP: 1/1
   166 | D:1      | Reached XP level 2. HP: 24/24 MP: 2/2
   454 | D:1      | Reached XP level 3. HP: 29/29 MP: 3/3
   454 | D:1      | Reached ** piety under Trog
   626 | D:1      | Found Feodiufy's Jewellery Shop.
   633 | D:1      | Reached skill level 5 in Polearms
   904 | D:2      | Noticed a black bear
   918 | D:2      | Killed a black bear
   919 | D:2      | Reached skill level 6 in Polearms
   919 | D:2      | Reached XP level 4. HP: 37/37 MP: 4/4
   919 | D:2      | Reached XP level 5. HP: 42/42 MP: 5/5
  1029 | D:2      | Found Oqunwot's General Store.
  1212 | D:2      | Found Jamyaguw's Weapon Shop.
  1342 | D:2      | Found Ifuf's Assorted Antiques.
  1825 | D:2      | Bought a +0 glaive for 78 gold pieces
  2126 | D:3      | Reached XP level 6. HP: 49/49 MP: 6/6
  2292 | D:3      | Identified the +3 chain mail of the Goldsmith {Rampage}
  2443 | D:3      | Reached skill level 7 in Polearms
  3019 | D:4      | Reached skill level 5 in Fighting
  3199 | D:4      | Reached XP level 7. HP: 56/56 MP: 7/7
  3351 | D:4      | Found a blossoming altar of Fedhas.
  3405 | D:4      | Found a staircase to the Ecumenical Temple.
  3485 | D:4      | Found a bloodstained altar of Trog.
  3487 | D:4      | Found a white marble altar of Elyvilon.
  3489 | D:4      | Found a burning altar of Makhleb.
  3489 | D:4      | Found a basalt altar of Yredelemnul.
  3489 | D:4      | Found a glowing golden altar of the Shining One.
  3543 | D:4      | Found a radiant altar of Vehumet.
  3610 | D:4      | Found a snail-covered altar of Cheibriados.
  3717 | D:5      | Entered Level 5 of the Dungeon
  3939 | D:2      | Bought a fuming emerald potion for 23 gold pieces
  3939 | D:2      | Bought a scroll labelled NIURGH RUIMOS for 26 gold pieces
  3939 | D:2      | Bought a scroll labelled KAH VUSUYTRI for 26 gold pieces
  4028 | D:5      | Reached skill level 8 in Polearms
  4028 | D:5      | Reached *** piety under Trog
  4981 | D:5      | Found a shadowy altar of Dithmenos.
  5097 | D:6      | Reached skill level 9 in Polearms
  5104 | D:6      | Reached XP level 8. HP: 63/64 MP: 8/8
  5269 | D:6      | Noticed a wraith
  5292 | D:6      | Killed a wraith
  5293 | D:6      | Reached skill level 10 in Polearms
  5633 | D:6      | Found an iron altar of Okawaru.
  6211 | D:2      | Bought a scroll of magic mapping for 195 gold pieces
  6294 | D:7      | Reached skill level 11 in Polearms
  6396 | D:7      | Reached XP level 9. HP: 58/69 MP: 9/9
  6469 | D:7      | Found a stormy altar of Qazlal.
  6524 | D:7      | Found a shimmering blue altar of Sif Muna.
  6562 | D:7      | Reached skill level 12 in Polearms
  6997 | D:8      | Found a sand-covered staircase.
  7007 | Ossuary  | Entered an ossuary
  7266 | Ossuary  | Reached skill level 5 in Armour
  7314 | Ossuary  | Reached skill level 1 in Throwing
  7434 | D:8      | Reached **** piety under Trog
  7461 | D:8      | Found a flagged portal.
  7467 | D:8      | Identified the +9 halberd of the Exiled Knives {drain,
                  | +Blink rCorr Int+7 Dex-5}
  7473 | Bailey   | Entered a bailey
  7599 | Bailey   | Reached skill level 13 in Polearms
  7696 | Bailey   | Reached XP level 10. HP: 48/76 MP: 10/10
  7900 | Bailey   | Reached skill level 14 in Polearms
  8079 | Bailey   | Identified the +3 executioner's axe of Ojuten {vorpal,
                  | Dex+6}
  8087 | Bailey   | Reached ***** piety under Trog
  8528 | D:8      | Reached skill level 15 in Polearms
  8633 | D:8      | Paralysed by a hornet for 1 turns
  8712 | D:8      | Noticed Maggie
  8723 | D:8      | Killed Maggie
  8724 | D:8      | Reached skill level 5 in Throwing
  8876 | D:8      | Found a sacrificial altar of Ru.
  9337 | D:2      | Bought a +2 pair of gloves of hurling for 258 gold pieces
  9990 | D:9      | Reached skill level 1 in Evocations
 10075 | D:9      | Received a gift from Trog
 10078 | D:9      | Reached skill level 16 in Polearms
 10078 | D:9      | Reached XP level 11. HP: 69/81 MP: 11/11
 10154 | D:9      | Noticed a tengu warrior
 10156 | D:9      | Noticed a boulder beetle
 10157 | D:9      | Noticed a centaur warrior
 10169 | D:9      | Killed a tengu warrior
 10173 | D:9      | Killed a boulder beetle
 10178 | D:9      | Killed a centaur warrior
 10179 | D:9      | Reached skill level 5 in Dodging
 10888 | D:10     | Entered Level 10 of the Dungeon
 10900 | D:10     | Noticed a death yak
 10900 | D:10     | Noticed a death yak
 10901 | D:10     | Noticed a death yak
 10901 | D:10     | Noticed a death yak
 10901 | D:10     | Noticed a death yak
 10905 | D:10     | Noticed a death yak
 10911 | D:10     | Noticed a death yak
 10915 | D:10     | Killed a death yak
 10929 | D:10     | Killed a death yak
 10936 | D:10     | Killed a death yak
 10937 | D:10     | Reached skill level 17 in Polearms
 10937 | D:10     | Reached skill level 5 in Evocations
 10951 | D:9      | HP: 2/81 [death yak (18)]
 10951 | D:9      | Demolished by a death yak

Illustrated notes

Levels and vault maps discovered:
D:1:      nagdon_arrival_zigzag_paths, layout_basic, serial_shops,
          nicolae_square_shop, minmay_tromino_mix6
D:2:      layout_loops_ring, serial_shops, shop, nicolae_shop_advertising_works
          [nicolae_subvault_shop_adworks], shop, minmay_misc_feat_x
D:3:      cheibrodos_pilgrimage, layout_loops_ring
D:4:      wander_river, layout_rooms, fedhas_ov_isle_minmay,
          general_overflow_altar, lemuel_coloured_pillars_altar,
          grunt_temple_overflow_open, minmay_temple_entry_poolview,
          corexii_corridor_pit
D:5:      layout_basic, mainiacjoe_overflow_alcove_1, serial_corexii_hall,
          corexii_hall_statues_x, chequers_hall_statues_wall_a
D:6:      layout_loops_corners, okawaru_ov_weapons_minmay,
          minmay_misc_feat_cross
D:7:      layout_rooms, mainiacjoe_overflow_six_doors_small,
          lemuel_blue_sif_altar
D:8:      layout_basic, pf_just_have_faith, enter_bailey_2, enter_ossuary_1,
          minmay_fractal_squares_gapless_5, uniq_maggie
D:9:      minmay_ornate_pinched, layout_layer_cave, hive_lemuel
D:10:     layout_roguey, lemuel_mausoleum_altar_kikubaaqudgha,
          dpeg_lair_monsters, david_orc_1_choice

Skill      XL: |  1  2  3  4  5  6  7  8  9 10 11 |
---------------+----------------------------------+-----
Polearms       | 6 7 9 11 13 16 17 | 17.1
Fighting       | 4 5 6 |  6.0
Armour         | 2 3 4 5 6 |  6.0
Throwing       | 3 5 6 |  6.0
Dodging        | 3 6 |  6.0
Evocations     | 1 5 |  5.2

Action                   |  1- 3 |  4- 6 |  7- 9 | 10-12 || total
-------------------------+-------+-------+-------+-------++-------
Melee: Spear             |   105 |   101 |       |       ||   206
       Punch             |     1 |     1 |       |       ||     2
       Glaive            |       |    99 |   271 |       ||   370
       Trident           |       |     1 |       |       ||     1
       Halberd           |       |       |    56 |   236 ||   292
       Tailslap          |       |       |     1 |     3 ||     4
Throw: Stone             |       |     5 |     9 |    10 ||    24
Invok: Berserk           |     2 |     3 |     2 |     4 ||    11
       Trog's Hand       |       |     1 |     4 |     5 ||    10
  Use: Scroll            |       |       |    18 |     8 ||    26
       Potion            |       |       |       |     1 ||     1
 Stab: Sleeping          |     2 |       |       |       ||     2
Armor: Animal skin       |    15 |       |       |       ||    15
       Chain mail        |    18 |    92 |   228 |    45 ||   383
       Plate armour      |       |       |       |    89 ||    89
Dodge: Dodged            |    34 |    75 |   173 |    78 ||   360

Table legend: (Time is in decaauts)
 A = Elapsed time spent in this place.
 B = Non-inter-level travel time spent in this place.
 C = Inter-level travel time spent in this place.
 D = Time resting spent in this place.
 E = Time spent auto-exploring this place.
 F = Levels seen in this place.
 G = Mean time per level.
                   A        B        C        D        E       F      G
               +--------+--------+--------+--------+--------+-----+--------+
         Total |  10987 |   9982 |   1005 |    994 |   6971 |  12 |  915.6 |
       Dungeon |   9666 |   8661 |   1005 |    743 |   6314 |  10 |  966.6 |
       Ossuary |    390 |    390 |      0 |      0 |    282 |   1 |  390.0 |
        Bailey |    930 |    930 |      0 |    250 |    375 |   1 |  930.0 |
               +--------+--------+--------+--------+--------+-----+--------+

Top non-repeatable levels by time:
     D:9: 1323 daAuts
     D:3: 1242 daAuts
     D:5: 1180 daAuts
     D:6: 1114 daAuts
     D:2: 1083 daAuts
     D:4: 1057 daAuts
     D:1: 943 daAuts
  Bailey: 930 daAuts
     D:8: 914 daAuts
     D:7: 761 daAuts
 Ossuary: 390 daAuts
    D:10: 48 daAuts
